[Event "36th Mitropa Cup Open 2018"]
[Site "Isola Capo Rizzuto"]
[Date "2018.05.31"]
[Round "1.15"]
[White "Baenziger, Fabian"]
[Black "Jablonicky, Martin"]
[Result "1-0"]
[ECO "E62"]
[WhiteElo "2377"]
[BlackElo "2349"]
[Annotator "RC"]
[PlyCount "55"]
[EventDate "2018.05.31"]
[EventType "team-tourn"]
[EventCountry "ITA"]
[SourceTitle "playchess.com"]
[Source "ChessBase"]
[SourceQuality "1"]
[WhiteTeam "Switzerland"]
[BlackTeam "Slovakia"]
[WhiteTeamCountry "SUI"]
[BlackTeamCountry "SVK"]
[TimeControl "40/5400+30:1800+30"]

1. d4 Nf6 2. Nf3 g6 3. c4 Bg7 4. g3 O-O 5. Bg2 d6 6. Nc3 c6 7. O-O Bf5 8. Ng5 d5 9. Qb3 Qb6 10. cxd5 cxd5 11. Nxd5 Nxd5 12. Bxd5 Qxb3 13. axb3 Nc6 14. e3 e5 15. dxe5 Bxe5 16. f4 Bg7 17. e4 Bc8 18. e5 h6 19. Ne4 Nb4 20. Bc4 Bh3 21. Rf2 Rfd8 22. Be3 Bf8 23. g4 Kg7 24. f5 Nd5 25. Bd4 Nb6 26. Bc3 Nxc4 27. e6+ Kh7 28. fxg6+ 1-0

[Event "36th Mitropa Cup Open 2018"]
[Site "Isola Capo Rizzuto"]
[Date "2018.06.06"]
[Round "6"]
[White "Haring, Filip"]
[Black "Kreisl, Robert"]
[Result "0-1"]
[ECO "B14"]
[WhiteElo "2344"]
[BlackElo "2402"]
[Annotator "ChessBase"]
[PlyCount "120"]
[EventDate "2018.05.31"]
[EventType "team-tourn"]
[EventCountry "ITA"]
[SourceTitle "playchess.com"]
[Source "ChessBase"]
[SourceQuality "1"]
[WhiteTeam "Slovakia"]
[BlackTeam "Austria"]
[WhiteTeamCountry "SVK"]
[BlackTeamCountry "AUT"]
[TimeControl "40/5400+30:1800+30"]

1. e4 c6 2. d4 d5 3. exd5 cxd5 4. c4 Nf6 5. Nc3 g6 6. cxd5 Nxd5 7. Qb3 Nb6 8. Bb5+ Bd7 9. Nf3 Bg7 10. Ne5 O-O 11. Nxd7 N8xd7 12. Be3 Nf6 13. O-O Nfd5 14. a4 a5 15. Be2 Rc8 16. Rac1 e6 17. Ne4 Rxc1 18. Rxc1 Nxe3 19. fxe3 Nd5 20. Nf2 Qg5 21. Rc3 Nxc3 22. Qxc3 Qd5 23. Bc4 Qc6 24. Bb5 Qxc3 25. bxc3 f5 26. Nd3 Kf7 27. Nc5 b6 28. Nd7 Rc8 29. c4 f4 30. Kf2 Rd8 31. c5 bxc5 32. dxc5 Ke7 33. c6 fxe3+ 34. Kxe3 Kd6 35. Nb6 Kc7 36. Nd7 Kd6 37. Nb6 Kc7 38. Nd7 Bf8 39. Kf4 Bd6+ 40. Ke4 Bxh2 41. Nc5 Rd6 42. Nb3 e5 43. Nxa5 Rd4+ 44. Ke3 Bg1+ 45. Ke2 Rb4 46. Kd3 e4+ 47. Kc3 Rd4 48. Nb3 Rd6 49. a5 Be3 50. Kc4 h5 51. a6 g5 52. Na1 h4 53. Nc2 Bb6 54. Nb4 g4 55. Kb3 h3 56. gxh3 gxh3 57. Bf1 Rh6 58. Bb5 Rh5 59. a7 Bxa7 60. Na6+ Kd6 0-1

[Event "36th Mitropa Cup Open 2018"]
[Site "Isola Capo Rizzuto"]
[Date "2018.06.09"]
[Round "9"]
[White "Dobrovoljc, Vid"]
[Black "Haring, Filip"]
[Result "1/2-1/2"]
[ECO "A07"]
[WhiteElo "2310"]
[BlackElo "2344"]
[Annotator "NA"]
[PlyCount "150"]
[EventDate "2018.05.31"]
[EventType "team-tourn"]
[EventCountry "ITA"]
[SourceTitle "playchess.com"]
[Source "ChessBase"]
[SourceQuality "1"]
[WhiteTeam "Slovenia"]
[BlackTeam "Slovakia"]
[WhiteTeamCountry "SLO"]
[BlackTeamCountry "SVK"]
[TimeControl "40/5400+30:1800+30"]

1. Nf3 d5 2. g3 c6 3. Bg2 Bg4 4. O-O Nd7 5. d4 e6 6. h3 {[%emt 0:01:27] A07: Réti Opening: New York and Capablanca Systems} Bh5 7. c4 Ngf6 8. cxd5 exd5 9. Qb3 (9. Ne5 Ne4 10. Nd2 Nxd2 11. Bxd2 Nxe5 12. dxe5 Bc5 13. Kh2 O-O {½-½ (32) Svidler,P (2768)-Karjakin,S (2753) Wijk aan Zee 2018}) 9... Qb6 10. Qe3+ Be7 11. Nh4 Bg6 $146 ({Predecessor:} 11... Kf8 12. Nc3 {1-0 (58) Sethuraman,S (2618)-Raghunandan,K (2398) Abu Dhabi 2017}) 12. Nc3 Kf8 13. Nxg6+ hxg6 14. Qd3 Re8 15. Bd2 Kg8 16. Rae1 Kh7 17. Bf3 Bd6 18. Kg2 Qxb2 19. Rb1 Qa3 20. Rxb7 Rb8 21. Rxb8 Rxb8 22. h4 Kg8 23. Rh1 Bb4 24. Qc2 Nb6 $14 25. Bf4 Re8 26. Nb1 Qa6 27. e3 Qc4 28. Rc1 Qxc2 29. Rxc2 Re6 30. Be2 Ne4 31. Ba6 Kf8 32. Bb8 Na4 33. a3 Bd6 34. Bxa7 Re7 35. Rxc6 Rxa7 36. f3 Nxg3 37. Rxd6 Nf5 38. Rc6 Nxe3+ 39. Kf2 Nf5 40. Bb5 Nxd4 41. Bxa4 Rxa4 42. Rc5 Nf5 43. Rxd5 Rxh4 44. Nc3 Rh2+ 45. Kg1 Rc2 46. Rc5 Nd4 47. Kf1 Ke7 48. a4 Ke6 49. f4 f6 50. Ne4 Ra2 51. Nc3 Rc2 52. Ne4 Rxc5 53. Nxc5+ Kf5 54. a5 Kxf4 55. a6 Nb5 56. Ne6+ Ke5 57. Nf8 g5 58. Kf2 Kd6 59. Kf3 Nd4+ 60. Ke4 Nc6 61. Kf5 Ke7 62. Ng6+ Kf7 63. Nh8+ Ke8 64. Ng6 Kd7 65. Nf8+ Kd6 66. Ne6 g4 67. Nf4 g5 68. Nh5 Ke7 69. Nxf6 g3 70. Nd5+ Kd6 71. Ne3 Nd4+ 72. Kxg5 Kc6 73. Kg4 Kb6 74. Kxg3 Nf5+ 75. Nxf5 Kxa6 1/2-1/2